 Dungeon Crawl Stone Soup version 0.31.0-11-ge490571c62 (webtiles) character file.

Game seed: 639584750604730597

46 qw the Shooter (level 3, 0/20 HPs)
             Began as a Deep Elf Hunter on Feb 3, 2024.
             Slain by Natasha (8 damage)
             ... on level 2 of the Dungeon.
             The game lasted 00:00:03 (931 turns).

qw the Shooter (Deep Elf Hunter)                     Turns: 931, Time: 00:00:03

Health: 0/20       AC:  5    Str: 10    XL:     3   Next: 44%
Magic:  5/5        EV: 11    Int: 13    God:
Gold:   103        SH:  0    Dex: 18    Spells: 2/2 levels left

rFire   . . .        a - +0 shortbow
rCold   . . .        (shield currently unavailable)
rNeg    . . .        h - +0 ring mail
rPois   .            (no helmet)
rElec   .            (no cloak)
rCorr   .            (no gloves)
SInv    .            (no boots)
Will    .....        (no amulet)
Stlth   +            (no ring)
HPRegen 0.23/turn    (no ring)
MPRegen 0.09/turn

%: no passive effects
@: no status effects
A: no striking features
a: no special abilities


You were on level 2 of the Dungeon.
You visited 1 branch of the dungeon, and saw 2 of its levels.

You collected 103 gold pieces.


   Skills:
 - Level 1.5 Fighting
 + Level 7.0 Ranged Weapons
 - Level 2.4 Dodging
 - Level 1.2 Stealth


You had 2 spell levels left.
You didn't know any spells.
Your spell library was empty.

Inventory:

Hand Weapons
 a - a +0 shortbow (weapon)
Armour
 h - a +0 ring mail (worn)
Scrolls
 c - a scroll of teleportation {unknown}
Potions
 b - 2 potions of might {unknown}
 e - a potion of ambrosia {unknown}
 g - a potion of brilliance {unknown}

Dungeon Overview and Level Annotations

Branches:
Dungeon (2/15)

Altars:

Annotations:
D:2 Natasha


Message History

You shoot an arrow. The arrow hits the bat.
The bat is severely wounded.
The bat hits you but does no damage. The bat closely misses you.
You shoot an arrow.
The arrow hits the bat but does no damage.
The bat is severely wounded.
The bat barely misses you.
You shoot an arrow. The arrow closely misses the bat.
The bat barely misses you.
You shoot an arrow. The arrow hits the bat!
You kill the bat!
You start resting.
HP restored.
Found a book of Air.
There is an open door here.
You see here a quokka corpse.
Found 4 atropa-tipped darts.
Natasha and a hobgoblin come into view.
Natasha hisses angrily.
Natasha casts a spell at you. The magic dart hits you.
The hobgoblin moves out of view.
926 ||| FLEEEEING.
You start resting.
Natasha wildly gestures.
You feel troubled.
Natasha is nearby!
You shoot an arrow. The arrow hits Natasha.
Natasha is moderately wounded.
You hear a shout!
You shoot an arrow.
The arrow hits Natasha but does no damage.
Natasha is moderately wounded.
A bat comes into view.
Natasha stares at you and mumbles some strange words.
The magic dart hits you!
Ouch! That really hurt!
You shoot an arrow. The arrow barely misses Natasha.
Natasha claws you!
You die...
Natasha begins licking her fur clean.

...# #......# ...#
#......# ...# #......#
...######......#
........'......#
....#####......# ....#
#......# ##. ...##
#......#####..... ...#
#......%@...b.... ####
#......##h....... ..#
#......##g.......
#'#######......#.........
...........#####.........
...........# ......:...
...........# h#........
#)########## .##..(.....
#.##########


You could see Natasha, a hobgoblin and a bat.

Vanquished Creatures
  An adder (D:2)
  2 dart slugs (D:1)
  3 bats (D:2)
  2 endoplasms (D:1)
  A giant cockroach (D:1)
  2 goblins (D:1)
  6 quokkas
  4 ball pythons (D:1)
  7 frilled lizards
  2 kobolds
  3 rats
33 creatures vanquished.

Notes
Turn   | Place    | Note
-------+----------+-------------------------------------------
     0 | D:1      | qw the Deep Elf Hunter began the quest for the Orb.
     0 | D:1      | Reached XP level 1. HP: 12/12 MP: 3/3
     0 | D:1      | 0 ||| qw: Version: 0.3-a-155-g5e7d8dd
     0 | D:1      | 0 ||| qw: Game counter: 3379
     0 | D:1      | 0 ||| qw: Melee chars always use a shield: true
     0 | D:1      | 0 ||| qw: God list: Okawaru
     0 | D:1      | 0 ||| qw: Allow faded altars: false
     0 | D:1      | 0 ||| qw: Do Orc after clearing Dungeon:15 true
     0 | D:1      | 0 ||| qw: Do second Lair branch before Depths: true
     0 | D:1      | 0 ||| qw: Lair rune preference: random
     0 | D:1      | 0 ||| qw: Goals: Normal
     0 | D:1      | 0 ||| PLANNING D:1-11
   147 | D:1      | Reached skill level 6 in Ranged Weapons
   147 | D:1      | Reached XP level 2. HP: 11/16 MP: 4/4
   712 | D:1      | 712 ||| UPGRADING to +0 ring mail.
   722 | D:1      | 722 ||| DROPPING +0 leather armour.
   723 | D:1      | 723 ||| READING scroll labelled QEDUMA VOIFI.
   724 | D:1      | 724 ||| DRINKING 2 metallic inky potions.
   725 | D:1      | 725 ||| DROPPING scroll of butterflies.
   726 | D:1      | 726 ||| DROPPING potion of attraction.
   791 | D:2      | Reached XP level 3. HP: 19/20 MP: 5/5
   865 | D:2      | Reached skill level 7 in Ranged Weapons
   925 | D:2      | Noticed Natasha
   926 | D:2      | 926 ||| FLEEEEING.
   931 | D:2      | Slain by Natasha

Levels and vault maps discovered:
D:1:      roderic_chinese_lattice_arrival, layout_basic
D:2:      layout_basic, uniq_natasha

Skill      XL: |  1  2  3 |
---------------+----------+-----
Ranged Weapons | 6 7 |  7.0
Fighting       | |  1.5
Dodging        | |  2.4
Stealth        | |  1.2

Action                     || total
---------------------------++-------
   Fire: Shortbow          ||   100
    Use: Scroll            ||     1
         Potion            ||     1
 Armour: Leather armour    ||     8
         Ring mail         ||    22
  Dodge: Dodged            ||    22

Table legend:
 A = Non-vault XP
 B = Vault XP
 C = Vault XP percentage of total XP
 D = Non-vault monster count
 E = Vault monster count
 F = Vault count percentage of total count
                 A         B        C        D         E       F
            +---------+---------+-------+---------+---------+-------
      Total |      66 |       0 |   0.0 |      33 |       0 |   0.0
            +---------+---------+-------+---------+---------+-------
        D:1 |      38 |       0 |   0.0 |      23 |       0 |   0.0
        D:2 |      28 |       0 |   0.0 |      10 |       0 |   0.0
            +---------+---------+-------+---------+---------+-------
